 Dungeon Crawl Stone Soup version 0.30-a0-743-gbfdf073431 (webtiles) character file.

Game seed: 17875388726881957498

69 epen the Poker (level 4, -5/34 HPs)
             Began as a Gnoll Wanderer on Feb 5, 2023.
             Was a Follower of Cheibriados.
             Slain by an orc wizard
             ... wielding a +1 dagger of electrocution
              (18 damage)
             ... on level 3 of the Dungeon.
             The game lasted 00:01:50 (1647 turns).

epen the Poker (Gnoll Wanderer)                     Turns: 1647, Time: 00:01:50

Health: -5/34      AC:  6    Str: 11    XL:     4   Next: 20%
Magic:  8/8        EV: 11    Int: 13    God:    Cheibriados [*.....]
Gold:   70         SH:  0    Dex: 18    Spells: 9/9 levels left

rFire   . . .      SeeInvis .    d - +0 spear
rCold   . . .      Faith    .    (no shield)
rNeg    . . .      Spirit   .    q - +0 ring mail
rPois   .          Reflect  .    (no helmet)
rElec   .          Harm     .    e - +0 cloak
rCorr   .          Rampage  .    (no gloves)
Will    .....                    (no boots)
Stlth   ++                       (no amulet)
HPRegen 0.25/turn                (no ring)
MPRegen 0.11/turn                (no ring)

@: very slow
A: fangs 1, strong nose, distributed training
a: Renounce Religion, Bend Time


You were on level 3 of the Dungeon.
You worshipped Cheibriados.
Cheibriados was aware of your devotion.
You visited 1 branch of the dungeon, and saw 3 of its levels.

You collected 70 gold pieces.

Inventory:

Hand Weapons
 a - a +0 dagger
 d - a +0 spear (weapon)
Missiles
 b - 2 atropa-tipped darts (quivered)
 c - a datura-tipped dart
 m - 7 poisoned darts
Armour
 e - a +0 cloak (worn)
 g - a +0 robe
 q - a +0 ring mail (worn)
Scrolls
 j - 3 scrolls of enchant armour {unknown}
 k - 5 scrolls of identify {unknown}
 o - a scroll of poison {unknown}
 p - a scroll of fear {unknown}
Potions
 f - a potion of lignification
 h - 3 potions of curing {unknown}
 i - 2 potions of haste {unknown}
 l - a potion of ambrosia {unknown}
 n - a potion of might {unknown}


   Skills:
 + Level 2.7 Fighting
 + Level 1.1 Short Blades
 + Level 1.1 Long Blades
 + Level 1.1 Axes
 + Level 1.1 Maces & Flails
 + Level 4.6 Polearms
 + Level 1.1 Staves
 + Level 1.1 Ranged Weapons
 + Level 1.1 Throwing
 + Level 2.7 Armour
 + Level 2.7 Dodging
 + Level 4.2 Stealth
 + Level 1.1 Shields
 + Level 1.1 Unarmed Combat
 + Level 3.0 Spellcasting
 + Level 0.8 Conjurations
 + Level 0.8 Hexes
 + Level 0.8 Summonings
 + Level 0.8 Necromancy
 + Level 0.8 Translocations
 + Level 0.8 Transmutations
 + Level 0.8 Fire Magic
 + Level 0.8 Ice Magic
 + Level 0.8 Air Magic
 + Level 0.8 Earth Magic
 + Level 0.8 Poison Magic
 + Level 2.8 Invocations
 + Level 2.7 Evocations


You had 9 spell levels left.
You didn't know any spells.
Your spell library contained the following spells:

 Spells                   Type           Power      Damage    Failure   Level
 Inner Flame              Hex/Fire       4%         N/A       73%         3
 Flame Wave               Conj/Fire      4%         2d5       98%         4
 Sticky Flame             Conj/Fire      4%         2d3       98%         4


Dungeon Overview and Level Annotations

Branches:
Dungeon (3/15)

Altars:
Cheibriados


Innate Abilities, Weirdness & Mutations

You have very sharp teeth.
Your uncanny sense of smell can sniff out nearby items.
Your experience applies equally to all skills.


Message History

You're too confused to attack without stumbling around!
You're too confused to attack without stumbling around!
You're too confused to attack without stumbling around!
You're too confused to attack without stumbling around!
You're too confused to attack without stumbling around!
You're too confused to attack without stumbling around!
You're too confused to attack without stumbling around!
You're too confused to attack without stumbling around!
You're too confused to attack without stumbling around!
You're too confused to attack without stumbling around!
You're too confused to attack without stumbling around!
You're too confused to attack without stumbling around!
You're too confused to attack without stumbling around!
You're too confused to attack without stumbling around!
You're too confused to attack without stumbling around!
You're too confused to attack without stumbling around!
You're too confused to attack without stumbling around!
You bump into the rock wall.
You bump into the rock wall.
The orc wizard completely misses you.
The orc wizard hits you with a +1 dagger of electrocution.
You bump into the rock wall.
The orc wizard completely misses you.
You completely miss the orc wizard.
The orc wizard hits you but does no damage.
You are electrocuted!
You bump into the rock wall.
You feel less confused. The orc wizard casts a spell at you.
You resist with some effort.
You closely miss the orc wizard. You hit the orc but do no damage.
The orc wizard closely misses you. The orc hits you with a +0 dagger.
You hit the orc but do no damage. The orc wizard closely misses you.
The orc hits you with a +0 dagger.
You hit the orc but do no damage. You bite the orc.
The orc is lightly wounded.
You closely miss the orc wizard.
The orc wizard hits you with a +1 dagger of electrocution.
You are electrocuted!!
Ouch! That really hurt!
You die...

#.# # #+# #.#.#.
#.## #.#.#.# #.#.
#.#.#.# #.#.
#...#.#####.#.
#.........)...
#####.#>......#...
#@o...........#...
#o###.#.##..###...
#o# #.#.....#.....
#)# #.#.#...#.#...
#.# #.###...#.#..#
#.# #.......# #..#
#.# #####.#.# #..#
#.# #.....#.# #..#
..# #.#####.# #..#


You could see an orc wizard and 2 orcs.

Vanquished Creatures
  An adder (D:2)
  A gnoll (D:1)
  2 dart slugs
  An orc (D:3)
  3 bats
  4 endoplasms
  2 giant cockroaches (D:2)
  6 goblins
  2 hobgoblins
  3 jackals (D:2)
  3 kobolds
  3 quokkas
  3 ball pythons
  4 frilled lizards
  3 rats (D:1)
41 creatures vanquished.

Notes
Turn   | Place    | Note
-------+----------+-------------------------------------------
     0 | D:1      | epen the Gnoll Wanderer began the quest for the Orb.
     0 | D:1      | epen set off with the following items: a +0 dagger, 2
                  | atropa-tipped darts, a datura-tipped dart, a +0 spear, a +0
                  | cloak, a potion of lignification, a +0 robe.
     0 | D:1      | Reached XP level 1. HP: 17/17 MP: 4/4
    90 | D:1      | Reached XP level 2. HP: 6/23 MP: 5/5
   319 | D:1      | Reached XP level 3. HP: 24/28 MP: 7/7
   582 | D:2      | Found a snail-covered altar of Cheibriados.
   599 | D:2      | Became a worshipper of Cheibriados the Contemplative
   738 | D:2      | Reached skill level 1 in Short Blades
   738 | D:2      | Reached skill level 1 in Long Blades
   738 | D:2      | Reached skill level 1 in Axes
   738 | D:2      | Reached skill level 1 in Maces & Flails
   738 | D:2      | Reached skill level 1 in Staves
   738 | D:2      | Reached skill level 1 in Ranged Weapons
   738 | D:2      | Reached skill level 1 in Throwing
   738 | D:2      | Reached skill level 1 in Shields
   738 | D:2      | Reached skill level 1 in Unarmed Combat
  1130 | D:2      | Reached XP level 4. HP: 32/34 MP: 8/8
  1538 | D:3      | Reached * piety under Cheibriados
  1647 | D:3      | Slain by an orc wizard

Illustrated notes

Levels and vault maps discovered:
D:1:      lemuel_arrival_behind_the_door_large, layout_rooms
D:2:      layout_basic, basic_altar
D:3:      layout_basic, vehumet_altar_wand_db

Skill      XL: |  1  2  3  4 |
---------------+-------------+-----
Short Blades   | 1 |  1.1
Long Blades    | 1 |  1.1
Axes           | 1 |  1.1
Maces & Flails | 1 |  1.1
Staves         | 1 |  1.1
Ranged Weapons | 1 |  1.1
Throwing       | 1 |  1.1
Shields        | 1 |  1.1
Unarmed Combat | 1 |  1.1
Spellcasting   | 3 |  3.0
Fighting       | |  2.7
Polearms       | |  4.6
Armour         | |  2.7
Dodging        | |  2.7
Stealth        | |  4.2
Conjurations   | |  0.8
Hexes          | |  0.8
Summonings     | |  0.8
Necromancy     | |  0.8
Translocations | |  0.8
Transmutations | |  0.8
Fire Magic     | |  0.8
Ice Magic      | |  0.8
Air Magic      | |  0.8
Earth Magic    | |  0.8
Poison Magic   | |  0.8
Invocations    | |  2.8
Evocations     | |  2.7

Action                     |  1- 3 |  4- 6 || total
---------------------------+-------+-------++-------
  Melee: Spear             |   140 |    45 ||   185
         Bite              |    12 |     5 ||    17
   Stab: Sleeping          |     6 |     2 ||     8
 Armour: Robe              |    15 |     4 ||    19
         Ring mail         |       |     6 ||     6
  Dodge: Dodged            |    56 |    23 ||    79

Table legend: (Time is in decaauts)
 A = Elapsed time spent in this place.
 B = Non-inter-level travel time spent in this place.
 C = Inter-level travel time spent in this place.
 D = Time resting spent in this place.
 E = Time spent auto-exploring this place.
 F = Levels seen in this place.
 G = Mean time per level.
                   A        B        C        D        E       F      G
               +--------+--------+--------+--------+--------+-----+--------+
         Total |   1867 |   1810 |     57 |      0 |   1460 |   3 |  622.3 |
       Dungeon |   1867 |   1810 |     57 |      0 |   1460 |   3 |  622.3 |
               +--------+--------+--------+--------+--------+-----+--------+

Top non-repeatable levels by time:
     D:2: 1071 daAuts
     D:1: 570 daAuts
     D:3: 225 daAuts
